 Dungeon Sprint DCSS version 0.29.1-2-gbd0b4ee654 (webtiles) character file.

Game seed: 9845083072376221548

8622 boopmooplesden the Executioner (level 11, -1/114 HPs)
             Began as a Minotaur Berserker on Nov 28, 2022.
             Was the Champion of Trog.
             Slain by a two-headed ogre
             ... wielding a +0 giant club
              (3 damage)
             ... in the Dungeon (Sprint VII: "The Pits").
             The game lasted 00:04:07 (1811 turns).

boopmooplesden the Executioner (Minotaur Berserker) Turns: 1811, Time: 00:04:09

Health: -1/114     AC: 23    Str: 25    XL:     11   Next: 12%
Magic:  10/10      EV: 11    Int:  4    God:    Trog [******]
Gold:   0          SH:  0    Dex: 11    Spells: 10/10 levels left

rFire   . . .      SeeInvis .   x - +2 executioner's axe (flame)
rCold   . . .      Faith    .   (shield currently unavailable)
rNeg    . . .      Spirit   .   u - +3 plate armour
rPois   .          Reflect  .   (helmet restricted)
rElec   .          Harm     .   l - +0 cloak
rCorr   .          Rampage  .   w - +0 pair of gloves
Will    ++...      NoTele   +   v - +0 pair of boots
Stlth   ..........              (no amulet)
HPRegen 1.29/turn               (no ring)
MPRegen 0.12/turn               (no ring)

@: strong-willed, on berserk cooldown, regenerating, slowed, very slow
A: horns 2, retaliatory headbutt
a: Renounce Religion, Berserk, Trog's Hand, Brothers in Arms


You were in the Dungeon.
You worshipped Trog.
Trog was exalted by your worship.
You visited 1 branch

Inventory:

Hand Weapons
 a - a +0 hand axe
 i - a +2 hand axe
 n - a +2 hand axe of freezing
 o - a +7 broad axe of flaming
 s - the +2 war axe "Worm's Wrath" {freeze, Fragile Int+3 Dex+4 Stlth+}
   (You found it in the Dungeon)

   It freezes those it strikes, dealing additional cold damage.
   It can also slow down cold-blooded creatures.
   Int:       It affects your intelligence (+3).
   Dex:       It affects your dexterity (+4).
   Fragile:   It will be destroyed if unequipped.
   Stlth:     It makes you more stealthy.
 t - the +2 scimitar of Domination {vorpal, Int+4}
   (You found it in the Dungeon)

   It inflicts extra damage upon your enemies.
   Int:       It affects your intelligence (+4).
 x - a +2 executioner's axe of flaming (weapon)
Armour
 b - a +0 animal skin
 l - a +0 cloak (worn)
 m - a +3 chain mail
 u - a +3 plate armour (worn)
 v - a +0 pair of boots (worn)
 w - a +0 pair of gloves (worn)
Jewellery
 p - a +3 ring of protection
 q - a +3 ring of strength
Scrolls
 h - a scroll of blinking
 k - a scroll of summoning
Potions
 c - 9 potions of curing
 d - 5 potions of heal wounds
 e - 2 potions of haste
 f - 4 potions of magic
 g - 3 potions of berserk rage
 j - 2 potions of invisibility
 r - a potion of might


   Skills:
 + Level 16.2 Fighting
 + Level 22.7 Axes
 + Level 12.7 Armour
 + Level 10.0 Dodging
 + Level 1.0 Stealth


You had 10 spell levels left.
You didn't know any spells.
Your spell library was empty.

Dungeon Overview and Level Annotations

Branches:
Dungeon (1/1)

Altars:


Innate Abilities, Weirdness & Mutations

You have a pair of horns on your head.
You reflexively headbutt those who attack you in melee.


Message History

The swamp dragon closely misses you.
You slice the swamp dragon!! You burn the swamp dragon.
You kill the swamp dragon!
Trog accepts your kill.
* * * LOW HITPOINT WARNING * * *
You feel extremely sick.
Really walk into that cloud of poison gas? [Y]es or [N]o only, please.
Really walk into that cloud of poison gas? [Y]es or [N]o only, please.
Really walk into that cloud of poison gas?
Okay, then.
* * * LOW HITPOINT WARNING * * *
You feel extremely sick.
You feel a strong urge to attack something.
* * * LOW HITPOINT WARNING * * *
You feel very sick.
The two-headed ogre is engulfed in poison gas.
The two-headed ogre is poisoned.
You are no longer berserk.
You are exhausted.
You feel yourself slow down.
* * * LOW HITPOINT WARNING * * *
You feel extremely sick.
You feel better.
The centaur wields a +0 shortbow.
The centaur shoots an arrow.
The arrow barely misses you.
The centaur shoots an arrow.
The arrow hits you but does no damage.
You feel much better.
The two-headed ogre hits you with a +0 giant club!!
* * * LOW HITPOINT WARNING * * *
The two-headed ogre hits you but does no damage.
The centaur shoots an arrow.
The arrow hits you.
* * * LOW HITPOINT WARNING * * *
You feel much better.
The centaur unwields a +0 shortbow.
The centaur hits you but does no damage.
The centaur kicks you but does no damage.
The two-headed ogre hits you with a +0 giant club!!
* * * LOW HITPOINT WARNING * * *
The two-headed ogre hits you with a +0 giant spiked club.
You die...

..#..#......#
............+
............+
..#..#......#
............#
#####''###### ...##')#
######## ##### ...##))#
##))))..###.g.## .
...##.)###.)#)#.@O...kg.##
c.
...##††##..##)##.c...#g..#
...
...##..##.##...##)..###○.#


kg.. ...##..####.....##.##.##.## .gy.. ...##...##......#)†.#.#○.°#......
#####..÷.÷......'.))')○☼☼○D...... #####...##......#.†.#.#☼☼○#Ogy...
...##..####.....##.##.##.###..... .[.##..# ##...##...###..# #.... You could see
a two-headed ogre (poisoned), a lindwurm, a centaur, a gnoll, a hobgoblin and a
goblin.

Vanquished Creatures
  An eidolon (D)
  A hydra (D)
  A death yak (D)
  A flayed ghost (D)
  A phantasmal warrior (D)
  A lindwurm (D)
  A swamp dragon (D)
  A necromancer (D)
  3 elephants (D)
  A black mamba (D)
  A rime drake (D)
  A hornet (D)
  3 blink frogs (D)
  A wraith (D)
  8 vampire mosquitoes (D)
  A black bear (D)
  A wolf (D)
  A centaur (D)
  A phantom (D)
  2 bullfrogs (D)
  A necrophage (D)
  4 wights (D)
  An orc priest (D)
  Crazy Yiuf (D)
  A gnoll bouda (D)
  A jelly (D)
  3 gnolls (D)
  2 river rats (D)
  3 adder skeletons (D)
  3 orcs (D)
  3 bats (D)
  A giant cockroach (D)
  A goblin (D)
  2 hobgoblins (D)
  4 jackals (D)
  2 quokkas (D)
  A ball python simulacrum (D)
  A ball python zombie (D)
  2 frilled lizards (D)
  A kobold (D)
  A quokka skeleton (D)
71 creatures vanquished.

Notes
Turn   | Place    | Note
-------+----------+-------------------------------------------
     0 | D        | boopmooplesden the Minotaur Berserker began the quest for
                  | the Orb.
     0 | D        | Reached XP level 1. HP: 19/19 MP: 0/0
    15 | D        | Reached skill level 4 in Axes
    50 | D        | Reached ** piety under Trog
    67 | D        | Reached XP level 2. HP: 24/28 MP: 1/1
    68 | D        | Reached *** piety under Trog
   307 | D        | Noticed Crazy Yiuf
   310 | D        | Killed Crazy Yiuf
   311 | D        | Reached skill level 6 in Axes
   311 | D        | Reached XP level 3. HP: 24/37 MP: 2/2
   314 | D        | Reached **** piety under Trog
   568 | D        | Noticed a phantom
   581 | D        | Killed a phantom
   581 | D        | Reached ***** piety under Trog
   582 | D        | Reached skill level 8 in Axes
   582 | D        | Reached XP level 4. HP: 46/48 MP: 3/3
   596 | D        | Noticed a hornet
   607 | D        | Killed a hornet
   608 | D        | Reached skill level 10 in Fighting
   608 | D        | Reached skill level 10 in Axes
   608 | D        | Reached skill level 5 in Armour
   608 | D        | Reached XP level 5. HP: 22/58 MP: 4/4
   608 | D        | Reached XP level 6. HP: 25/66 MP: 5/5
   863 | D        | Received a gift from Trog
   868 | D        | Reached skill level 11 in Axes
  1024 | D        | Noticed a vampire mosquito
  1024 | D        | Noticed a wraith
  1024 | D        | Noticed a vampire mosquito
  1027 | D        | Killed a wraith
  1028 | D        | Reached XP level 7. HP: 74/74 MP: 6/6
  1028 | D        | Killed a vampire mosquito
  1029 | D        | Reached skill level 12 in Axes
  1030 | D        | Killed a vampire mosquito
  1031 | D        | Reached skill level 13 in Axes
  1058 | D        | Got the +2 war axe "Worm's Wrath" {freeze, Fragile Int+3
                  | Dex+4 Stlth+}
  1060 | D        | Got the +2 scimitar of Domination {vorpal, Int+4}
  1148 | D        | Received a gift from Trog
  1149 | D        | Reached XP level 8. HP: 84/84 MP: 7/7
  1155 | D        | Reached skill level 14 in Axes
  1172 | D        | Noticed a four-headed hydra
  1172 | D        | Noticed a blink frog
  1172 | D        | Noticed a blink frog
  1172 | D        | Noticed a blink frog
  1172 | D        | Noticed a phantasmal warrior
  1178 | D        | Killed a blink frog
  1179 | D        | Reached skill level 15 in Axes
  1180 | D        | Killed a blink frog
  1182 | D        | Killed a two-headed hydra
  1182 | D        | Reached ****** piety under Trog
  1183 | D        | Reached skill level 16 in Axes
  1183 | D        | Reached XP level 9. HP: 94/94 MP: 8/8
  1187 | D        | Killed a phantasmal warrior
  1187 | D        | Received a gift from Trog
  1188 | D        | Reached skill level 17 in Axes
  1188 | D        | Reached skill level 10 in Armour
  1195 | D        | Reached skill level 18 in Axes
  1400 | D        | Noticed a black mamba
  1405 | D        | Noticed a necromancer
  1406 | D        | Killed a black mamba
  1411 | D        | Killed a necromancer
  1411 | D        | Received a gift from Trog
  1412 | D        | Reached XP level 10. HP: 61/104 MP: 9/9
  1413 | D        | Reached skill level 19 in Axes
  1435 | D        | Received a gift from Trog
  1436 | D        | Noticed an eidolon
  1445 | D        | Killed an eidolon
  1446 | D        | Reached skill level 15 in Fighting
  1604 | D        | Reached skill level 20 in Axes
  1605 | D        | Noticed a death yak
  1607 | D        | Noticed a flayed ghost
  1607 | D        | Noticed an elephant
  1608 | D        | Received a gift from Trog
  1611 | D        | Noticed an elephant
  1612 | D        | Noticed a lindwurm
  1612 | D        | Noticed an elephant
  1616 | D        | Killed a death yak
  1617 | D        | Reached skill level 10 in Dodging
  1622 | D        | Killed an elephant
  1623 | D        | Reached skill level 21 in Axes
  1624 | D        | Killed an elephant
  1624 | D        | Killed an elephant
  1625 | D        | Reached skill level 1 in Stealth
  1626 | D        | Killed a flayed ghost
  1626 | D        | Killed a lindwurm
  1626 | D        | Received a gift from Trog
  1627 | D        | Reached skill level 22 in Axes
  1627 | D        | Reached XP level 11. HP: 75/114 MP: 10/10
  1784 | D        | Noticed a lindwurm
  1784 | D        | Noticed a swamp dragon
  1784 | D        | Noticed a two-headed ogre
  1804 | D        | Killed a swamp dragon
  1807 | D        | HP: 2/114 [poisoned by a swamp dragon (poison gas)]
  1811 | D        | Slain by a two-headed ogre

Illustrated notes

Levels and vault maps discovered:
D:        pitsprint [storerooms_1, entrance_room_1, metal_vault_3, armoury_3,
          mini_pit_1, grid_room_1, main_hall_1, silver_pit, the_coven_3,
          the_vestibule_1, steel_vault_3, golden_pit, hallway_of_sentries,
          crystal_vault_2, iron_vault_3, final_vault]

Skill      XL: |  1  2  3  4  5  6  7  8  9 10 |
---------------+-------------------------------+-----
Fighting       | 4 6 7 10 11 12 13 14 16 | 16.2
Axes           | 4 6 8 10 11 13 16 18 22 | 22.7
Armour         | 3 4 5 6 7 9 11 12 | 12.7
Dodging        | 3 4 6 7 8 9 10 | 10.0
Stealth        | 1 |  1.0

Action                   |  1- 3 |  4- 6 |  7- 9 | 10-12 || total
-------------------------+-------+-------+-------+-------++-------
Melee: Hand axe          |    32 |    19 |       |       ||    51
       Headbutt          |     3 |     2 |     5 |    12 ||    22
       Broad axe         |       |     1 |    34 |       ||    35
       Executioner's axe |       |       |    10 |    55 ||    65
Invok: Berserk           |     1 |     3 |     1 |     3 ||     8
       Trog's Hand       |       |       |       |     1 ||     1
  Use: Potion            |       |       |       |     4 ||     4
Armor: Animal skin       |     9 |       |       |       ||     9
       Chain mail        |     9 |     3 |       |       ||    12
       Plate armour      |       |       |    17 |    41 ||    58
Dodge: Dodged            |    25 |    11 |    21 |    29 ||    86
